 Dungeon Crawl Stone Soup version 0.28-a0-973-ga7f8b01127 (webtiles) character file.

Game seed: 2323548085653278874

149 ders the Digger (level 5, 0/28 HPs)
             Began as a Gargoyle Earth Elementalist on Dec 2, 2021.
             Slain by a goblin (3 damage)
             ... led by Robin
             ... on level 4 of the Dungeon.
             The game lasted 00:03:01 (3154 turns).

ders the Digger (Gargoyle Earth Elementalist)       Turns: 3154, Time: 00:03:01

Health: 0/28       AC:  6    Str: 12    XL:     5   Next: 31%
Magic:  4/9        EV: 11    Int: 17    God:
Gold:   137        SH:  0    Dex: 10    Spells: 6/10 levels left

rFire   . . .      SeeInvis .   (no weapon)
rCold   . . .      Faith    .   (no shield)
rNeg    + . .      Spirit   .   b - +0 robe
rPois   ∞          Reflect  .   (no helmet)
rElec   +          Harm     .   (no cloak)
rCorr   .          Rampage  .   (no gloves)
Will    .....                   (no boots)
Stlth   ++........              (no amulet)
HPRegen 0.09/turn               (no ring)
MPRegen 0.11/turn               (no ring)

@: no status effects
A: sickness immunity, AC +4, negative energy resistance 1, electricity
resistance, torment resistance 1, petrification resistance
a: no special abilities


You were on level 4 of the Dungeon.
You visited 1 branch of the dungeon, and saw 4 of its levels.

You collected 137 gold pieces.

Inventory:

Missiles
 c - 26 stones
Armour
 b - a +0 robe (worn)
Jewellery
 j - a ring of flight
Scrolls
 d - a scroll of brand weapon {unknown}
 f - a scroll of holy word {unknown}
 g - a scroll of vulnerability {unknown}
 h - a scroll of identify {unknown}
Potions
 a - a potion of heal wounds {unknown}
 e - a potion of attraction {unknown}
 i - a potion of berserk rage {unknown}
 k - a potion of curing {unknown}
 l - a potion of haste {unknown}


   Skills:
 - Level 1.5 Dodging
 - Level 2.1 Stealth
 + Level 3.2 Spellcasting
 + Level 2.8 Conjurations
 - Level 0.7 Transmutations
 + Level 5.0 Earth Magic


You had 6 spell levels left.
You knew the following spells:

 Your Spells              Type           Power      Damage    Failure   Level
a - Sandblast             Erth           38%        2d10      2%          1
b - Stone Arrow           Conj/Erth      32%        3d9       10%         3

Your spell library contained the following spells:

 Spells                   Type           Power      Damage    Failure   Level
 Passwall                 Tmut/Erth      10%        N/A       8%          2
 Gell's Gravitas          Tloc           2%         N/A       45%         3
 Lesser Beckoning         Tloc           2%         N/A       45%         3
 Swiftness                Air            2%         N/A       45%         3
 Teleport Other           Tloc           2%         N/A       45%         3
 Petrify                  Tmut/Erth      12%        N/A       45%         4
 Animate Armour           Summ/Erth      22%        N/A       52%         4
 Lehudib's Crystal Spear  Conj/Erth      8%         10d3      100%        8


Dungeon Overview and Level Annotations

Branches:
Dungeon (4/15)
 Temple: D:4-7

Altars:

Shops:
D:1 [

Annotations:
D:4 Robin


Innate Abilities, Weirdness & Mutations

You are immune to sickness and miasma.
Your stone body is resilient. (AC +4)
You are immune to poison.
You resist negative energy. (rN+)
You are resistant to electric shocks. (rElec)
You are resistant to unholy torment.
You are immune to petrification.


Message History

The goblin hits you but does no damage. The goblin closely misses you. x2
Robin throws the goblin at you! The goblin closely misses you. x2
The goblin barely misses you.
The goblin no longer looks unusually strong. x2
The goblin hits you but does no damage.
The goblin no longer looks unusually strong.
Robin roars a battlecry!
The goblins go into a battle-frenzy!
Robin hits you but does no damage. The goblin misses you.
Robin throws the goblin at you! The goblin hits you with a +0 club.
* * * LOW HITPOINT WARNING * * *
You barely miss the goblin. The goblin misses you.
The goblin hits you with a +0 club.
* * * LOW HITPOINT WARNING * * *
You hit the goblin.
The goblin is moderately wounded.
The goblin hits you but does no damage. x2; The goblin hits you with a +0 club.
* * * LOW HITPOINT WARNING * * *
The goblin barely misses you. The goblin hits you but does no damage.
The goblin closely misses you.
You see here a +0 chain mail.
The goblin hits you but does no damage. Robin throws the goblin at you!
The goblin barely misses you.
You barely miss the goblin.
The goblin no longer looks unusually strong.
The goblin barely misses you. The goblin misses you. The goblin misses you.
The goblin hits you but does no damage.
The goblin no longer looks unusually strong.
Robin roars a battlecry!
The goblins go into a battle-frenzy!
The goblin no longer looks unusually strong.
Robin roars a battlecry!
The goblin goes into a battle-frenzy!
You open the door. The goblin hits you but does no damage.
There is an open door here.
Robin throws the goblin at you! The goblin hits you with a +0 club.
You die...

##################
.................#
.................#
................@#
.....[.....g..g.g#
'#############g###
........# #..#
........+ #..#
..####### #..#
..####..# ####
........#....#
........#....#


You could see Robin and 3 goblins.

Vanquished Creatures
  An orc priest (D:3)
  4 adders
  3 worms
  4 orcs (D:3)
  9 ball pythons
  7 endoplasms
  A giant cockroach (D:1)
  10 goblins
  6 hobgoblins
  4 jackals (D:3)
  2 quokkas
  6 bats
  A frilled lizard (D:2)
  3 kobolds
  4 rats
65 creatures vanquished.

Vanquished Creatures (others)
  2 plants (D:2)
2 creatures vanquished.

Grand Total: 67 creatures vanquished

Notes
Turn   | Place    | Note
-------+----------+-------------------------------------------
     0 | D:1      | ders the Gargoyle Earth Elementalist began the quest for
                  | the Orb.
     0 | D:1      | Reached XP level 1. HP: 10/10 MP: 3/3
   161 | D:1      | Found Haoleddu's Armour Shop.
   317 | D:1      | Reached XP level 2. HP: 15/15 MP: 3/5
   392 | D:1      | Reached skill level 1 in Conjurations
   586 | D:1      | Reached skill level 4 in Earth Magic
  1316 | D:2      | Reached XP level 3. HP: 19/19 MP: 4/6
  1320 | D:2      | Learned a level 3 spell: Stone Arrow
  2043 | D:3      | Reached XP level 4. HP: 24/24 MP: 4/8
  2475 | D:3      | Found a faded altar of an unknown god.
  2531 | D:3      | Reached XP level 5. HP: 28/28 MP: 5/9
  2864 | D:3      | Reached skill level 5 in Earth Magic
  3111 | D:4      | Noticed Robin
  3154 | D:4      | Slain by a goblin

Illustrated notes

Levels and vault maps discovered:
D:1:      scummos_arrival_gate, layout_basic, serial_shops, shop_statue
D:2:      minmay_diamond_boxcup, layout_loops_cross, serial_bayou_lake_a
D:3:      layout_loops_cross, ebering_ecumenical_altar_sacrificial
D:4:      layout_gridville, mainiacjoe_overflow_alcove_4,
          minmay_hollow_rounded_squares, uniq_duvessa, uniq_robin, uniq_ijyb

Skill      XL: |  1  2  3  4  5 |
---------------+----------------+-----
Conjurations   | 1 2 |  2.8
Earth Magic    | 4 5 |  5.0
Spellcasting   | 3 |  3.2
Dodging        | |  1.5
Stealth        | |  2.1
Transmutations | |  0.7

Action                   |  1- 3 |  4- 6 || total
-------------------------+-------+-------++-------
Melee: Unarmed           |    10 |    17 ||    27
 Cast: Sandblast         |    50 |    46 ||    96
Armor: Robe              |    12 |    32 ||    44
Dodge: Dodged            |    24 |    37 ||    61

Table legend: (Time is in decaauts)
 A = Elapsed time spent in this place.
 B = Non-inter-level travel time spent in this place.
 C = Inter-level travel time spent in this place.
 D = Time resting spent in this place.
 E = Time spent auto-exploring this place.
 F = Levels seen in this place.
 G = Mean time per level.
                   A        B        C        D        E       F      G
               +--------+--------+--------+--------+--------+-----+--------+
         Total |   3185 |   3080 |    105 |    379 |   2368 |   4 |  796.2 |
       Dungeon |   3185 |   3080 |    105 |    379 |   2368 |   4 |  796.2 |
               +--------+--------+--------+--------+--------+-----+--------+

Top non-repeatable levels by time:
     D:1: 1095 daAuts
     D:3: 1013 daAuts
     D:2: 976 daAuts
     D:4: 99 daAuts
